AoeStats
← tarepo

Arena

510133334Analyzed
4v4 RM · 20h ago on Sep 29, 2026· 43m 13s· 8 players
Game mode
Random Map
Map size
Large (8 player)
Population
200
Speed
Normal
Resources
Standard
Victory
Conquest
Starting age
Dark Age
Ending age
Imperial Age
RankedLock teamsTeams togetherTeam positionsShared explorationLock speedFull tech treeHidden civsTurbo modeCheats
Victory
Defeat
🇪🇸 Britons · Spain
753
+9
🇺🇸 Franks · United States
734
+10
🇮🇳 Saracens · India
729
+10
🇺🇸 Romans · United States
684
+11
🇹🇼 Persians · Taiwan
628
-11
🇨🇭 Spanish · Switzerland
625
-11
🇩🇰 Danes · Denmark
586
-10
🇫🇷 Gurjaras · France
535
-8
Lizy Eye
12:21 Feudal Age
13:34 Double-Bit Axe
13:46 Gold Mining
13:42 Horse Collar
14:07 Loom
18:42 Stone Mining
19:02 Man-at-Arms
tarepo
7:39 Loom
10:41 Feudal Age
15:53 Castle Age
14:03 Double-Bit Axe
15:04 Horse Collar
18:59 Bow Saw
22:32 Scale Mail Armor
24:05 Forging
24:22 Squires
25:41 Wheelbarrow
24:53 Town Watch
25:10 Heavy Plow
28:06 Gold Mining
28:11 Stone Mining
28:43 Pikeman
30:16 Chain Mail Armor
30:36 Iron Casting
31:53 Stone Shaft Mining
33:53 Imperial Age
31:46 Hand Cart
32:17 Caravan
33:01 Scale Barding Armor
36:33 Blast Furnace
36:03 Plate Mail Armor
35:54 Chain Barding Armor
36:02 Conscription
36:57 Bloodlines
36:08 Light Cavalry
36:12 Halberdier
38:43 Conscription
38:55 Conscription
40:19 Two-Man Saw
40:44 Plate Barding Armor
40:48 Masonry
41:41 Chemistry
42:28 Murder Holes
Marlon
2:15 Loom
12:39 Feudal Age
14:55 Wheelbarrow
16:39 Castle Age
14:30 Horse Collar
17:59 Double-Bit Axe
20:07 Heavy Plow
24:31 Wheelbarrow
25:36 Hand Cart
29:32 Bow Saw
29:14 Gold Mining
29:15 Stone Mining
30:30 Forging
30:26 Scale Barding Armor
31:58 Bloodlines
35:06 Imperial Age
33:14 Husbandry
33:56 Iron Casting
33:42 Chain Barding Armor
35:24 Light Cavalry
35:27 Cavalier
37:24 Blast Furnace
36:25 Scale Mail Armor
37:04 Plate Barding Armor
36:30 Scale Mail Armor
36:21 Fletching
36:31 Padded Archer Armor
36:19 Gambesons
36:35 Squires
35:56 Pikeman
36:21 Arson
38:53 Chemistry
38:14 Ballistics
39:20 Crop Rotation
39:52 Two-Man Saw
41:16 Masonry
41:03 Murder Holes
43:55 Architecture
BlacKHazE.
8:19 Loom
12:06 Feudal Age
12:57 Double-Bit Axe
13:32 Horse Collar
18:32 Gold Mining
19:25 Wheelbarrow
21:35 Castle Age
22:27 Stone Mining
22:40 Scale Mail Armor
22:51 Forging
22:58 Bow Saw
26:06 Stone Shaft Mining
25:37 Heavy Plow
29:02 Gold Shaft Mining
30:22 Gambesons
30:38 Squires
30:23 Arson
31:25 Hand Cart
34:56 Imperial Age
35:36 Murder Holes
36:19 Iron Casting
35:59 Chain Mail Armor
36:24 Siege Engineers
37:20 Chemistry
36:41 Ballistics
36:03 Elite Jomsviking
37:04 Conscription
36:39 Hamask
39:00 Hoardings
39:19 Caravan
39:37 Elite Varangian Guard
40:14 Northmen's Fury
42:30 Blast Furnace
42:01 Plate Mail Armor
viditdhaka2805
12:55 Feudal Age
14:36 Horse Collar
17:19 Castle Age
16:25 Double-Bit Axe
16:57 Man-at-Arms
25:02 Wheelbarrow
24:17 Long Swordsman
26:03 Caravan
27:41 Hand Cart
27:29 Gold Mining
29:34 Forging
29:25 Scale Mail Armor
30:14 Stone Mining
31:00 Gold Shaft Mining
36:30 Imperial Age
34:31 Chain Mail Armor
34:58 Iron Casting
37:13 Legionary
39:02 Blast Furnace
37:55 Fletching
38:06 Padded Archer Armor
39:32 Chemistry
39:07 Heavy Scorpion
40:35 Bodkin Arrow
41:11 Ballistics
43:29 Ballistas
juanmiguelfalcon
10:02 Feudal Age
10:57 Loom
12:59 Double-Bit Axe
18:23 Castle Age
16:20 Horse Collar
17:03 Stone Mining
17:21 Gold Mining
20:01 Wheelbarrow
19:48 Bow Saw
19:40 Heavy Plow
20:51 Gold Shaft Mining
23:05 Hand Cart
28:48 Imperial Age
29:00 Padded Archer Armor
28:51 Fletching
30:14 Leather Archer Armor
30:02 Scale Mail Armor
30:12 Forging
30:28 Ballistics
30:32 Gambesons
30:48 Squires
30:09 Pikeman
31:55 Ring Archer Armor
31:21 Bodkin Arrow
32:11 Chain Mail Armor
32:57 Town Watch
34:04 Iron Casting
34:36 Town Patrol
34:43 Bracer
36:42 Conscription
36:44 Yeomen
37:24 Plate Mail Armor
37:55 Blast Furnace
39:51 Elite Longbowman
40:34 Halberdier
souravmalik858
1:00 Loom
13:07 Feudal Age
13:29 Horse Collar
13:43 Double-Bit Axe
13:52 Gold Mining
17:08 Stone Mining
22:18 Castle Age
23:29 Bow Saw
23:22 Heavy Plow
24:19 Forging
24:59 Bloodlines
24:49 Husbandry
25:12 Bloodlines
25:05 Husbandry
30:29 Caravan
31:13 Gold Shaft Mining
37:25 Iron Casting
36:56 Scale Barding Armor
37:24 Murder Holes
39:04 Fortified Wall
40:23 Wheelbarrow
junstar
11:21 Feudal Age
16:13 Castle Age
14:41 Double-Bit Axe
22:43 Bow Saw
23:00 Stone Mining
26:09 Gold Mining
28:34 Husbandry
28:53 Scale Barding Armor
32:19 Imperial Age
31:29 Gold Shaft Mining
31:28 Caravan
31:53 Chain Barding Armor
33:58 Wheelbarrow
32:47 Cavalier
34:09 Plate Barding Armor
33:26 Pikeman
33:53 Arson
34:12 Squires
34:19 Paladin
35:46 Chivalry
36:20 Scale Mail Armor
38:03 Chain Mail Armor
37:59 Forging
37:12 Halberdier
41:29 Plate Mail Armor
41:34 Iron Casting
41:00 Murder Holes
Connection lost

Rejoining the realm…

Still unreachable

The connection could not be restored.

Session expired

The server has moved on; the page needs a fresh start.